 Dungeon Crawl Stone Soup version 0.20.1-1-g8b1a95d (webtiles) character file.

65 Folque the Magician (level 4, -1/29 HPs)
             Began as an Octopode Wizard on Dec 6, 2017.
             Slain by a gnoll
             ... wielding a +0 spear
              (2 damage)
             ... on level 1 of the Dungeon.
             The game lasted 00:06:26 (1279 turns).

Folque the Magician (Octopode Wizard)               Turns: 1279, Time: 00:06:27

Health: -1/29      AC:  3    Str:  6    XL:     4   Next: 14%
Magic:  5/9        EV: 13    Int: 21    God:
Gold:   88         SH:  0    Dex: 10    Spells: 1/9 levels left

rFire    . . .     SeeInvis .   i - +0 flail
rCold    . . .     Gourm    .   (no shield)
rNeg     . . .     Faith    .   a - +0 hat
rPois    .         Spirit   .   (no amulet)
rElec    .         Reflect  .   (no ring)
rCorr    .         Harm     .   (no ring)
MR       +....     Rnd*Tele +   (no ring)
Stlth    ++........             (no ring)
Regen    0.1/turn               (no ring)
MPRegen  0.2/turn               (no ring)
                                (no ring)
                                (no ring)

@: confused, very slightly contaminated, hasted, very quick
A: almost no armour, stealthy swim, amphibious, 8 rings, constrict 8, slimy
green scales 1, camouflage 1, magic resistance 1, teleportitis 1, gelatinous
body 1
a: no special abilities


You were on level 1 of the Dungeon.
You were hungry.

You visited 1 branch of the dungeon, and saw 2 of its levels.

You collected 88 gold pieces.

Inventory:

Hand Weapons
 e - a +0 club
 i - a +0 flail (weapon)
Armour
 a - a +0 hat (worn)
Jewellery
 h - an uncursed amulet of harm {unknown}
Scrolls
 j - a scroll of random uselessness {unknown}
 k - a scroll of fear {unknown}
Books
 b - a book of Minor Magic

   Spells                             Type                      Level
   a - Magic Dart                     Conjuration                  1
   b - Blink                          Translocation                2
   c - Call Imp                       Summoning                    2
   d - Slow                           Hexes                        2
   e - Conjure Flame                  Conjuration/Fire             3
   f - Mephitic Cloud                 Conjuration/Poison/Air       3
Comestibles
 c - a bread ration
 g - a meat ration


   Skills:
 - Level 2.2 Fighting
 - Level 2.0 Dodging
 - Level 2.6 Stealth
 + Level 3.3 Spellcasting
 + Level 1.6 Conjurations
 - Level 1.0 Summonings
 - Level 1.0 Translocations
 * Level 1.7 Poison Magic


You had one spell level left.
You knew the following spells:

 Your Spells              Type           Power        Failure   Level  Hunger
a - Magic Dart            Conj           ##..         7%          1    None
b - Call Imp              Summ           #.......     13%         2    ##.....
c - Blink                 Tloc           N/A          13%         2    ##.....
d - Mephitic Cloud        Conj/Pois/Air  #.......     24%         3    ###....


Dungeon Overview and Level Annotations

Branches:
Dungeon (2/15)

Altars:


Innate Abilities, Weirdness & Mutations

You cannot wear most types of armour.
You are very stealthy in the water. (Stealth+)
You are amphibious.
You can wear up to eight rings at the same time.
You can use your tentacles to constrict eight enemies at once.
Your skin changes colour to match your surroundings (Stealth+).
Your rubbery body absorbs attacks. (AC +1, EV +1)
You are partially covered in slimy green scales. (AC +2)
You are resistant to hostile enchantments. (MR+)
You are occasionally teleported next to monsters.


Message History

You're too confused to cast spells.
Unknown command.
It was a potion of haste.
You feel yourself speed up. The gnoll barely misses you.
You bump into the rock wall.
The gnoll hits you with a spear.
* * * LOW HITPOINT WARNING * * *
The gnoll closely misses the goblin.
You're too confused to cast spells.
Unknown command.
It was a potion of mutation.
You feel extremely strange.
You feel weirdly uncertain.
Slimy green scales grow over part of your body.
You feel resistant to hostile enchantments.
The gnoll barely misses you.
You're too confused to cast spells.
Unknown command.
You bump into the rock wall.
You're too confused!
The gnoll hits you with a spear.
You die...

#....# ##### ####.#### ####.#
#.......# #.# #.##.##.# #.#
########.##.##.#
####.#######.....##.##....#
..##......##.....##.#####.#
..#####..........##.......###
..# #...##.g.gg###........#
#.# #.####...g@# #.#.##.#.#
#.#####.# ####### #.#.##.#.#
#.......# #.#....#.#
#######.######### #.#.##)#.#
#.##......# #.#.##.#.# ###
#.##......## #.)......# ..#
#.##.......#####.###### #.#
#................# #.###
####....#.########


You could see 2 gnolls and 2 goblins.

Vanquished Creatures
  3 gnolls (D:1)
  An ooze (D:1)
  A dart slug (D:1)
  A leopard gecko (D:1)
  3 giant cockroaches
  3 goblins (D:1)
  5 hobgoblins (D:1)
  3 jackals (D:1)
  2 bats (D:1)
  3 kobolds (D:1)
  3 rats (D:1)
28 creatures vanquished.

Notes
Turn   | Place    | Note
-------+----------+-------------------------------------------
     0 | D:1      | Folque the Octopode Wizard began the quest for the Orb.
     0 | D:1      | Reached XP level 1. HP: 11/11 MP: 4/4
    89 | D:1      | Reached skill level 1 in Fighting
   176 | D:1      | Reached XP level 2. HP: 15/19 MP: 1/6
   314 | D:1      | Reached XP level 3. HP: 17/24 MP: 7/7
   318 | D:1      | Learned a level 2 spell: Call Imp
   321 | D:1      | Learned a level 2 spell: Blink
   325 | D:1      | Learned a level 3 spell: Mephitic Cloud
   634 | D:1      | Reached skill level 1 in Poison Magic
   988 | D:2      | Reached XP level 4. HP: 27/29 MP: 2/9
  1276 | D:1      | HP: 1/29 [gnoll/spear (5)]
  1277 | D:1      | Gained mutation: You are occasionally teleported next to monsters. [potion of mutation]
  1277 | D:1      | Gained mutation: You are partially covered in slimy green scales. (AC +2) [potion of mutation]
  1277 | D:1      | Gained mutation: You are resistant to hostile enchantments. (MR+) [potion of mutation]
  1279 | D:1      | Slain by a gnoll

Skill      XL: |  1  2  3 |
---------------+----------+-----
Fighting       | 1 2 |  2.2
Poison Magic   | 1 |  1.7
Dodging        | |  2.0
Stealth        | |  2.6
Spellcasting   | |  3.3
Conjurations   | |  1.6
Summonings     | |  1.0
Translocations | |  1.0

Action                   |  1- 3 |  4- 6 || total
-------------------------+-------+-------++-------
Melee: Club              |    10 |       ||    10
       Unarmed           |    10 |       ||    10
       Constrict         |    17 |     1 ||    18
       Tentacles         |     7 |       ||     7
       Flail             |    45 |     4 ||    49
 Cast: Magic Dart        |    14 |       ||    14
       Mephitic Cloud    |     1 |     2 ||     3
       Call Imp          |     1 |       ||     1
       Blink             |       |     1 ||     1
  Use: Potion            |       |     2 ||     2
 Stab: Sleeping          |     5 |       ||     5
  Eat: Chunk             |       |     1 ||     1
Armor: Skin              |     5 |       ||     5
Dodge: Dodged            |    40 |    14 ||    54
